Map: 2000 Atmospheres LE

Players

TLHarstem (Harstem)

  • Race: Protoss Protoss
  • League: Master

HeroMarine - Winner!

  • Race: Terran Terran
  • League: Master

Event: DreamHack SC2 Masters Last Chance 2022

VOD

Have the link to the VOD?

Description

Time

  • Played on: Dec. 17, 2021, 12:28 p.m.
  • Length: 9:16

All games in this series

Show
View Real Time Build Order
Export as new Build Order

TLHarstem Protoss 

Build Orders: 1 Gate Expand, Phoenix Opening, Chargelot Immortal 

Get SALT Encoding   

  12  0:00  Probe  
  13  0:12  Probe  
  14  0:17  Pylon  
  14  0:24  Probe  
  15  0:36  Gateway, Probe (Chrono Boost)  
  16  0:46  Assimilator, Probe (Chrono Boost)  
  17  0:51  Probe (Chrono Boost)  
  18  1:03  Probe  
  19  1:15  Probe  
  20  1:23  Nexus  
  20  1:32  Cybernetics Core  
  20  1:36  Probe  
  21  1:42  Assimilator  
  21  1:48  Probe  
  21  1:52  Pylon  
  21  2:00  Probe  
  22  2:08  Adept (Chrono Boost)  
  22  2:12  Probe  
  25  2:19  Stargate  
  25  2:24  Probe (Chrono Boost)  
  25  2:28  Warp Gate  
  26  2:31  Adept  
  26  2:36  Probe x2 (Chrono Boost)  
  32  2:45  Probe x2 (Chrono Boost)  
  32  2:50  Probe x2 (Chrono Boost)  
  34  3:02  Phoenix, Probe x2  
  38  3:11  Pylon  
  38  3:14  Probe  
  38  3:15  Robotics Facility  
  38  3:16  Probe  
  42  3:26  Probe  
  43  3:28  Probe  
  43  3:30  Phoenix  
  44  3:34  Adept (Chrono Boost)  
  44  3:38  Probe  
  44  3:40  Probe  
  48  3:47  Pylon  
  48  3:52  Nexus  
  48  3:54  Pylon  
  48  3:57  Probe  
  48  3:58  Probe  
  50  4:04  Immortal (Chrono Boost)  
  54  4:10  Probe  
  54  4:13  Probe  
  54  4:16  Phoenix  
  58  4:22  Probe  
  58  4:23  Adept  
  61  4:30  Shield Battery  
  62  4:37  Immortal (Chrono Boost)  
  61  4:40  Shield Battery  
  61  4:41  Probe  
  66  4:47  Adept, Assimilator  
  66  4:48  Probe  
  69  4:59  Probe  
  70  5:04  Probe, Pylon  
  70  5:05  Assimilator  
  71  5:10  Phoenix  
  71  5:11  Probe  
  73  5:18  Immortal (Chrono Boost), Adept  
  73  5:19  Probe  
  80  5:22  Gateway  
  80  5:25  Forge  
  79  5:30  Probe  
  79  5:32  Probe  
  79  5:33  Probe  
  82  5:42  Probe  
  81  5:43  Twilight Council  
  81  5:44  Probe  
  81  5:45  Zealot  
  81  5:48  Phoenix (Chrono Boost)  
  86  5:54  Gateway  
  86  5:56  Gateway  
  85  5:57  Probe x2  
  85  5:59  Probe  
  85  6:00  Protoss Ground Armor Level 1 (Chrono Boost)  
  88  6:04  Phoenix  
  88  6:09  Probe, Pylon  
  91  6:11  Probe  
  91  6:14  Stalker  
  81  6:27  Stalker  
  81  6:29  Phoenix  
  81  6:31  Probe  
  86  6:33  Probe x2, Pylon  
  88  6:41  Zealot  
  91  6:49  Immortal (Chrono Boost), Charge (Chrono Boost)  
  91  6:53  Zealot x3  
  99  6:57  Pylon  
  99  6:58  Phoenix  
  99  6:59  Probe  
  101  7:04  Gateway  
  101  7:07  Gateway, Pylon  
  101  7:08  Gateway  
  101  7:09  Gateway  
  101  7:10  Sentry  
  101  7:15  Probe  
  104  7:19  Assimilator  
  104  7:21  Zealot  
  104  7:22  Probe  
  107  7:25  Phoenix  
  107  7:28  Nexus  
  107  7:29  Pylon  
  109  7:34  Pylon  
  109  7:35  Probe x3  
  112  7:38  Zealot  
  112  7:42  Immortal (Chrono Boost)  
  112  7:43  Pylon  
  114  7:50  Probe, Templar Archives  
  119  7:54  Assimilator  
  119  7:55  Zealot x2  
  123  8:04  Gateway  
  123  8:06  Gateway  
  123  8:10  Zealot x2  
  127  8:14  Probe  
  127  8:15  Zealot x2  
  127  8:19  Zealot  
  132  8:22  Pylon  
  132  8:27  Probe x2  
  132  8:33  High Templar x2  
  132  8:34  Zealot x3, Pylon  
  140  8:37  Pylon  
  140  8:39  Archon  
  140  8:41  Zealot x2  
  124  8:50  Zealot  
  124  8:54  Zealot x3  
  114  9:01  Zealot x3  
  88  9:03  Zealot  
  88  9:06  Zealot x2  
  96  9:13  Zealot  
Show
View Real Time Build Order
Export as new Build Order

HeroMarine Terran - Winner!

Build Orders:  

Get SALT Encoding   

  12  0:00  SCV  
  13  0:12  SCV  
  14  0:18  Supply Depot  
  14  0:24  SCV  
  15  0:39  SCV  
  15  0:41  Barracks  
  16  0:43  Refinery  
  16  0:51  SCV  
  17  1:03  SCV  
  18  1:16  SCV  
  19  1:27  Marine  
  19  1:28  Orbital Command  
  20  1:39  Command Center  
  20  1:45  Barracks Reactor  
  20  1:51  Supply Depot  
  20  1:53  SCV  
  21  2:04  Factory  
  21  2:06  SCV  
  22  2:13  Refinery  
  22  2:18  SCV  
  22  2:22  Marine x2  
  25  2:30  SCV  
  26  2:40  Marine x2  
  26  2:42  SCV  
  29  2:48  Starport  
  29  2:49  Factory Tech Lab  
  29  2:52  Orbital Command  
  29  2:54  SCV  
  30  2:59  Marine x2  
  32  3:06  SCV  
  32  3:08  Cyclone  
  36  3:16  Marine  
  36  3:17  Marine  
  39  3:20  SCV x2  
  39  3:24  Supply Depot  
  40  3:29  Medivac  
  42  3:34  SCV, Marine x2  
  42  3:36  SCV  
  46  3:46  Supply Depot, Siege Tank  
  49  3:49  SCV  
  49  3:51  SCV  
  49  3:52  Marine x2  
  53  4:01  SCV  
  54  4:07  SCV, Viking  
  54  4:08  Supply Depot  
  57  4:10  Marine x2  
  57  4:16  SCV  
  60  4:19  SCV  
  61  4:27  Cyclone  
  61  4:29  SCV, Marine x2  
  64  4:31  SCV  
  64  4:38  Viking  
  64  4:42  SCV  
  64  4:43  SCV  
  68  4:47  Marine x2  
  68  4:48  Supply Depot  
  70  4:52  Command Center  
  70  4:59  SCV x2  
  70  5:05  Marine x2  
  70  5:11  SCV x2  
  70  5:13  Viking  
  74  5:17  Siege Tank  
  74  5:19  Barracks  
  74  5:20  Barracks  
  77  5:23  Marine  
  77  5:26  Supply Depot  
  77  5:28  SCV x2, Marine  
  81  5:40  SCV x2  
  81  5:41  Marine  
  84  5:44  Refinery, Starport Tech Lab  
  84  5:45  Refinery, Engineering Bay  
  84  5:46  Marine  
  84  5:49  Siege Tank  
  88  5:51  Supply Depot  
  88  5:52  SCV  
  88  5:55  SCV  
  90  5:58  Marine  
  90  6:04  SCV, Marine, Orbital Command  
  92  6:07  SCV  
  92  6:09  Barracks Tech Lab, Starport Reactor  
  94  6:17  SCV  
  92  6:19  SCV  
  92  6:23  Marine  
  92  6:24  Marine  
  84  6:25  Marine  
  84  6:26  Stimpack  
  84  6:27  Siege Tank  
  84  6:28  Marine  
  84  6:29  SCV  
  84  6:31  SCV  
  84  6:32  Terran Infantry Weapons Level 1  
  90  6:34  Orbital Command  
  90  6:40  Barracks  
  90  6:41  Marine x2, Barracks  
  90  6:44  SCV  
  93  6:52  Marine x2  
  92  6:55  Medivac  
  92  6:57  Missile Turret  
  92  6:58  SCV x2  
  92  6:59  Siege Tank, Marine  
  92  7:00  Medivac  
  102  7:03  Missile Turret  
  102  7:04  SCV  
  103  7:10  SCV  
  103  7:11  SCV, Marine  
  103  7:13  Combat Shield  
  106  7:16  SCV  
  106  7:17  Missile Turret  
  106  7:22  Supply Depot  
  107  7:23  SCV x2  
  107  7:26  Refinery  
  107  7:27  Refinery  
  107  7:28  SCV  
  107  7:29  Barracks Reactor  
  110  7:31  Siege Tank  
  110  7:35  SCV x2, Barracks Tech Lab  
  115  7:37  Supply Depot  
  115  7:39  Supply Depot  
  115  7:40  SCV  
  115  7:43  Medivac  
  118  7:44  Medivac  
  118  7:47  Marauder, Marine x2  
  118  7:48  Supply Depot  
  124  7:55  Missile Turret  
  124  7:59  Marauder, SCV x3  
  124  8:01  Marauder  
  124  8:03  Supply Depot, Siege Tank  
  124  8:05  Missile Turret, Marine  
  135  8:06  Marine  
  135  8:07  Marine  
  135  8:09  Marauder  
  135  8:11  Concussive Shells, Marine  
  140  8:20  Marauder  
  140  8:23  Marauder, Medivac x2, Marine  
  140  8:24  Marine x2  
  150  8:30  Marauder, Command Center  
  150  8:31  Marine  
  153  8:40  Marine  
  154  8:42  Marauder, Ghost Academy  
  154  8:44  Marauder, Engineering Bay  
  154  8:45  Armory  
  148  8:50  Marine x2  
  148  8:51  Marauder  
  148  8:52  Marine  

Tags
 
Add a new tag
Caveats
  • Supply blocks, unpowered buildings, or Contaminate may cause inaccurate times.
  • Supply counts are checked every 10 seconds.